 Dungeon Crawl Stone Soup version 0.22-a0-433-gd2a9cce (webtiles) character file.

140 Mgcat the Chopper (level 5, 0/67 HPs)
             Began as a Hill Orc Berserker on May 28, 2018.
             Was a Believer of Trog.
             Succumbed to iamserjio's ghost's poison
             ... on level 4 of the Dungeon.
             The game lasted 00:02:31 (623 turns).

Mgcat the Chopper (Hill Orc Berserker)               Turns: 623, Time: 00:02:31

Health: 0/67       AC: 25    Str: 21    XL:     5   Next: 23%
Magic:  5/5        EV:  2    Int:  7    God:    Trog [**....]
Gold:   67         SH:  7    Dex: 10    Spells: 4/4 levels left

rFire    . . .     SeeInvis .   a - +0 hand axe
rCold    . . .     Gourm    .   o - +0 shield {AC+3}
rNeg     + + +     Faith    .   (armour currently unavailable)
rPois    +         Spirit   .   (helmet currently unavailable)
rElec    .         Reflect  .   (cloak currently unavailable)
rCorr    .         Harm     .   (gloves currently unavailable)
MR       +++..     NoTele   +   (boots currently unavailable)
Stlth    +.........             (no amulet)
HPRegen  1.21/turn              j - ring of protection from magic {MR+, !d}
MPRegen  0.09/turn              (no ring)

@: lethally poisoned (0 -> -19), tree-form, regenerating
A: no striking features
a: Berserk, Trog's Hand, Renounce Religion


You were on level 4 of the Dungeon.
You worshipped Trog.
Trog was pleased with you.
You were hungry.
You were a tree.
You visited 1 branch of the dungeon, and saw 4 of its levels.

You collected 67 gold pieces.

Inventory:

Hand Weapons
 a - a +0 hand axe (weapon)
Missiles
 l - 6 curare-tipped needles
Armour
 e - a +0 ring mail (melded)
   (You found it on level 1 of the Dungeon)
 m - a +0 helmet (melded)
   (You found it on level 4 of the Dungeon)
 o - a +0 shield of protection (worn)
   (You found it on level 4 of the Dungeon)
Jewellery
 j - a ring of protection from magic (left branch) {MR+, !d}
   (You found it on level 2 of the Dungeon)
Scrolls
 b - a scroll of fog {unknown}
 d - a scroll of immolation {unknown}
 g - a scroll of identify {unknown}
 i - a scroll of remove curse {unknown}
 k - a scroll of noise {unknown}
 n - a scroll of teleportation {unknown}
 p - a scroll of fear {unknown}
Comestibles
 c - 2 rations
 f - 10 chunks of flesh {@w0}


   Skills:
 - Level 3.6 Fighting
 + Level 7.6 Axes
 - Level 2.1 Armour
 - Level 1.5 Dodging


You had 4 spell levels left.
You didn't know any spells.
Your spell library was empty.

Dungeon Overview and Level Annotations

Branches:
Dungeon (4/15)
 Temple: D:4-7

Altars:

Annotations:
D:3 GameOver's ghost, weakling NaWz
D:4 iamserjio's ghost, novice HaHu


Message History

You are exhausted.
You feel yourself slow down.
f - 10 chunks of flesh {@w0} (gained 3)
Things that are here:
a flail; a jackal corpse You see here a glowing shield.
o - a glowing shield Wear which item? (? for menu, Esc to quit)
You start putting on your armour.
You continue putting on your helmet. x4
You finish putting on your +0 helmet.
Wear which item? (? for menu, Esc to quit)
You start putting on your armour.
You continue putting on your glowing shield. x4
You finish putting on your +0 shield of protection.
You feel protected.
p - a scroll labeled PUUHOY GOLAPRO Unknown command.
You feel yourself speed up.
Iamserjio's ghost (novice Halfling Hunter) comes into view.
It is wielding a weapon of venom.
Things that are here:
a flail; a jackal corpse
There is a stone staircase leading up here.
You climb upwards.
Level annotation: GameOver's ghost, weakling NaWz A worm comes into view.
The orc wizard casts a spell at you. You resist with almost no effort.
GameOver's ghost hits you. The orc hits you but does no damage.
The ooze hits you but does no damage. You block GameOver's ghost's attack.
There is a stone staircase leading down here.
The orc hits you with a dagger. The ooze hits you. GameOver's ghost misses you.
You climb downwards.
Level annotation: iamserjio's ghost, novice HaHu
There is a stone staircase leading up here.
Your shield and ring mail prevent you from hitting the orc.
You hit the ooze. You block the orc's attack. The ooze closely misses you.
You hit the orc but do no damage. You hit iamserjio's ghost. You hit the ooze.
You recover from your berserk rage.
Iamserjio's ghost barely misses you. The orc closely misses you.
The ooze barely misses you.
You closely miss the orc. You barely miss the ooze.
You closely miss iamserjio's ghost.
Iamserjio's ghost hits you but does no damage.
You are poisoned.
The orc closely misses you. You block the ooze's attack.
You hit iamserjio's ghost but do no damage.
Iamserjio's ghost is lightly damaged.
You hit the orc. You hit the ooze but do no damage.
You feel sick. Iamserjio's ghost barely misses you. You block the orc's attack.
You block the ooze's attack. Iamserjio's ghost hits you.
You are more poisoned.
You hit iamserjio's ghost but do no damage.
Iamserjio's ghost is lightly damaged.
You hit the ooze. You hit the orc.
You feel very sick. The orc hits you but does no damage.
You block the ooze's attack. Iamserjio's ghost hits you.
You are lethally poisoned!
You hit iamserjio's ghost but do no damage.
You closely miss the orc. You hit the ooze.
You feel sick. The orc hits you with a dagger. The ooze hits you.
Iamserjio's ghost hits you but does no damage.
Your skin crawls.
You feel resistant to hostile enchantments.
You are feeling hungry.
You feel very sick. The orc hits you but does no damage.
The ooze barely misses you. Iamserjio's ghost hits you.
You are more poisoned.
Okay, then.
Unknown command.
You miss iamserjio's ghost. You slash the ooze!
You kill the ooze!
Trog accepts your kill.
Your shield prevents you from hitting the orc.
You feel sick. The orc barely misses you.
Iamserjio's ghost hits you but does no damage.
You are lethally poisoned!
You closely miss iamserjio's ghost. You hit the orc.
You kill the orc!
Trog accepts your kill.
* * * LOW HITPOINT WARNING * * *
You feel very sick. Iamserjio's ghost hits you.
* * * LOW HITPOINT WARNING * * *
You are more poisoned.
You hit iamserjio's ghost.
Iamserjio's ghost is lightly damaged.
* * * LOW HITPOINT WARNING * * *
You feel very sick. You block iamserjio's ghost's attack.
It was a potion of lignification.
You turn into a tree.
Your +0 helmet melds into your body.
Your +0 ring mail melds into your body.
Your roots penetrate the ground.
* * * LOW HITPOINT WARNING * * *
You feel very sick. You block iamserjio's ghost's attack.
You barely miss iamserjio's ghost.
Iamserjio's ghost is lightly damaged.
You die...

..........#........
..........#.....##
.................####
.....................
.................##
.................#
.........##.....######
.............$........
........)♣W...........
####..#.###.##.######
##.....#..)))#
###...........#
..............#
........#....##
..#.....#.##...# .
#.....#.##.#...
#.#..##.##.....


You could see iamserjio's ghost.

Vanquished Creatures
  A gnoll shaman (D:4)
  A hound skeleton (D:4)
  5 gnolls (D:4)
  An ooze (D:4)
  A worm (D:2)
  2 dart slugs (D:2)
  2 orcs (D:4)
  3 bats (D:1)
  3 giant cockroaches
  A goblin (D:1)
  5 hobgoblins
  2 jackals (D:4)
  A quokka (D:2)
  2 frilled lizards
  8 kobolds
  A leopard gecko skeleton (D:4)
  2 rats (D:1)
41 creatures vanquished.

Vanquished Creatures (others)
  A hobgoblin (D:2)
1 creature vanquished.

Grand Total: 42 creatures vanquished

Notes
Turn   | Place    | Note
-------+----------+-------------------------------------------
     0 | D:1      | Mgcat the Hill Orc Berserker began the quest for the Orb.
     0 | D:1      | Reached XP level 1. HP: 19/19 MP: 1/1
   150 | D:1      | Reached XP level 2. HP: 26/26 MP: 2/2
   205 | D:1      | Reached skill level 5 in Axes
   341 | D:2      | Reached XP level 3. HP: 25/31 MP: 3/3
   423 | D:2      | Reached ** piety under Trog
   529 | D:3      | Noticed GameOver's ghost (weakling NaWz)
   554 | D:4      | Reached skill level 6 in Axes
   559 | D:4      | Reached XP level 4. HP: 39/39 MP: 4/4
   565 | D:4      | Reached skill level 7 in Axes
   573 | D:4      | Reached XP level 5. HP: 45/45 MP: 5/5
   603 | D:4      | Noticed iamserjio's ghost (novice HaHu)
   620 | D:4      | HP: 7/45 [iamserjio's ghost (5)]
   621 | D:4      | HP: 3/45 [poisoned by iamserjio's ghost]
   622 | D:4      | HP: 1/67 [poisoned by iamserjio's ghost]
   623 | D:4      | Succumbed to iamserjio's ghost's poison

Vault maps used:
D:1:      dpeg_arrival_subterranean_lakeside_camping
D:2:      bloody_makhleb, bh_walls_and_bars
D:3:      grunt_temple_overflow_diamond, okawaru_gym_becter, solitary_fountain,
          st_stairs_4
D:4:      old_standard_altar, xom_teletrap_fun, vehumet_altar_wand_db,
          minmay_temple_entry_large_hall, first_ration, lemuel_statue_altar

Skill      XL: |  1  2  3  4 |
---------------+-------------+-----
Axes           | 5 6 7 |  7.6
Fighting       | |  3.6
Armour         | |  2.1
Dodging        | |  1.5

Action                   |  1- 3 |  4- 6 || total
-------------------------+-------+-------++-------
Melee: Hand axe          |    99 |    26 ||   125
Invok: Berserk           |     1 |       ||     1
       Trog's Hand       |       |     1 ||     1
  Use: Potion            |       |     1 ||     1
Armor: Animal skin       |     7 |       ||     7
       Ring mail         |    20 |    10 ||    30
Dodge: Dodged            |    71 |    15 ||    86
Block: Shield            |       |     8 ||     8

Table legend:
 A = Spawn XP
 B = Non-spawn XP
 C = Spawn XP percentage of total XP
 D = Spawn monster count
 E = Non-spawn monster count
 F = Spawn count percentage of total count
 G = Total turns spent on level
                    A         B        C        D         E        F      G
               +---------+---------+-------+---------+---------+-------+---------
         Total |       0 |     201 |   0.0 |       0 |      42 |   0.0 |   623
               +---------+---------+-------+---------+---------+-------+---------
           D:1 |       0 |      26 |   0.0 |       0 |      17 |   0.0 |   319
           D:2 |       0 |      30 |   0.0 |       0 |      12 |   0.0 |   210
           D:4 |       0 |     145 |   0.0 |       0 |      13 |   0.0 |    88
               +---------+---------+-------+---------+---------+-------+---------

Vault maps used:
D:1:      dpeg_arrival_subterranean_lakeside_camping
D:2:      bloody_makhleb, bh_walls_and_bars
D:3:      grunt_temple_overflow_diamond, okawaru_gym_becter, solitary_fountain,
          st_stairs_4
D:4:      old_standard_altar, xom_teletrap_fun, vehumet_altar_wand_db,
          minmay_temple_entry_large_hall, first_ration, lemuel_statue_altar

Table legend:
 A = Turns spent in this place as a percentage of turns spent in the entire game.
 B = Non-inter-level travel turns spent in this place as a percentage of non-inter-level travel turns spent in the entire game.
 C = Inter-level travel turns spent in this place as a percentage of turns spent in this place.
 D = Turns resting spent in this place as a percentage of non-inter-level travel turns spent in this place.
 E = Turns spent auto-exploring this place as a percentage of non-inter-level travel turns spent in this place.
 F = Non-inter-level travel turns spent in this place divided by the number of levels of this place that you've seen.
                   A       B       C       D       E      F
               +-------+-------+-------+-------+-------+----------------------
         Total | 100.0 | 100.0 |   4.3 |   0.0 |  53.7 | 149.0
       Dungeon | 100.0 | 100.0 |   4.3 |   0.0 |  53.7 | 149.0
               +-------+-------+-------+-------+-------+----------------------

Table legend:
 A = Kills in this place as a percentage of kills in entire the game.
 B = Kills by you in this place as a percentage of kills by you in the entire game.
 C = Kills by friends in this place as a percentage of kills by friends in the entire game.
 D = Other kills in this place as a percentage of other kills in the entire game.
 E = Experience gained in this place as a percentage of experience gained in the entire game.
 F = Experience gained in this place divided by the number of levels of this place that you have seen.
                   A       B       C       D       E      F
               +-------+-------+-------+-------+-------+----------------------
         Total | 100.0 | 100.0 |   N/A | 100.0 | 100.0 |  50.2
       Dungeon | 100.0 | 100.0 |   N/A | 100.0 | 100.0 |  50.2
               +-------+-------+-------+-------+-------+----------------------
